 Dungeon Crawl Stone Soup version 0.21.0-3-g78d12a8 (webtiles) character file.

3366 grindst0ne the Fighter (level 9, -1/78 HPs)
             Began as a Demonspawn Chaos Knight on Jan 12, 2018.
             Slain by a cyclops (29 damage)
             ... on level 8 of the Dungeon.
             The game lasted 00:15:38 (8904 turns).

grindst0ne the Fighter (Demonspawn Chaos Knight)    Turns: 8904, Time: 00:15:38

Health: -1/78      AC:  6    Str: 15      XL:     9   Next: 73%
Magic:  11/11      EV:  4    Int: 15      God:    Xom [....*.]
Gold:   781        SH:  5    Dex: 10 (12) Spells: 8/8 levels left

rFire    + . .     SeeInvis .   k - +0 war axe
rCold    . . .     Gourm    .   (no shield)
rNeg     . . .     Faith    .   t - +0 plate armour
rPois    +         Spirit   .   (helmet restricted)
rElec    +         Reflect  +   (no cloak)
rCorr    .         Harm     .   f - +0 pair of gloves
MR       +....     Clarity  +   (no boots)
Stlth    ..........             q - +5 amulet of reflection
HPRegen  0.23/turn              (no ring)
MPRegen  0.12/turn              (no ring)

@: no status effects
A: claws 1, hooves 2, horns 2, clarity, deformed body, demonic guardian 2,
deterioration 1, fire resistance 1, magic resistance 1, poison resistance,
screaming 1, electricity resistance, wild magic 1
a: Renounce Religion


You were on level 8 of the Dungeon.
You worshipped Xom.
You were a beloved toy of Xom.
You were not hungry.

You visited 1 branch of the dungeon, and saw 8 of its levels.
You also visited: Sewer and Ossuary.

You collected 781 gold pieces.

Inventory:

Hand Weapons
 a - a +0 hand axe of chaos
 g - a +2 whip of freezing
 k - a +0 war axe (weapon)
Armour
 b - a +2 leather armour
 f - a +0 pair of gloves (worn)
 t - a +0 plate armour (worn)
Jewellery
 q - a +5 amulet of reflection (around neck)
Wands
 r - a wand of paralysis (8)
 z - a wand of random effects (26)
 A - a wand of scattershot (3)
 G - a wand of iceblast (5)
Scrolls
 d - 2 scrolls of fog
 j - 10 scrolls of teleportation
 l - a scroll of acquirement {unknown}
 n - 2 scrolls of remove curse
 p - 2 scrolls of amnesia
 x - a scroll of fear {unknown}
 y - 4 scrolls of blinking {unknown}
 C - a scroll of noise {unknown}
 F - a scroll of silence
 H - a scroll of identify
Potions
 e - a potion of resistance
 h - a potion of magic
 i - 2 potions of might
 m - 4 potions of flight
 o - 6 potions of curing
 s - 2 potions of cancellation
 u - 3 potions of heal wounds
 w - 3 potions of lignification {unknown}
 E - 2 potions of agility
Books
 v - a book of Callings

   Spells                             Type                      Level
   a - Summon Small Mammal            Summoning                    1
   b - Call Imp                       Summoning                    2
   c - Call Canine Familiar           Summoning                    3
   d - Summon Guardian Golem          Hexes/Summoning              3
   e - Summon Lightning Spire         Summoning/Air                4
   f - Summon Ice Beast               Ice/Summoning                4
 D - a book of Cantrips

   Spells                             Type                      Level
   a - Confusing Touch                Hexes                        1
   b - Animate Skeleton               Necromancy                   1
   c - Summon Small Mammal            Summoning                    1
   d - Apportation                    Translocation                1
Comestibles
 c - 6 rations
 B - 2 chunks of flesh


   Skills:
 + Level 10.1 Fighting
 * Level 8.8 Axes
 - Level 1.7 Armour
 - Level 0.8 Dodging
 * Level 3.9 Evocations


You had 8 spell levels left.
You didn't know any spells.

Dungeon Overview and Level Annotations

Branches:
Dungeon (8/15)             Temple (0/1) D:4
   Lair: D:8-11

Altars:
Gozag
Okawaru
Wu Jian
Xom


Innate Abilities, Weirdness & Mutations

You have sharp fingernails.
You have hoof-like feet.
You have a pair of horns on your head.
A demonic guardian rushes to your aid.
You possess an exceptional clarity of mind.
Armour fits poorly on your strangely shaped body.
Your body sometimes deteriorates upon taking damage.
Your flesh is heat resistant. (rF+)
You are resistant to hostile enchantments. (MR+)
Your system is resistant to poisons. (rPois)
You occasionally shout uncontrollably at your foes.
You are resistant to electric shocks. (rElec)
Your spells are a little harder to cast, but a little more powerful.


Message History

There is an open door here.
You close the door.
Okay, then.
Evoke which item? (* to show all) (? for menu, Esc to quit)
Okay, then.
It was a potion of heal wounds.
You feel much better.
A cyclops opens the door.
There is an open door here.
Evoke which item? (* to show all) (? for menu, Esc to quit)
Aiming: Scattershot
Press: ? - help, Shift-Dir - straight line, f - cyclops
Aim: a cyclops The burst of metal fragments hits the cyclops. x7
The cyclops is severely wounded.
The cyclops hits you!!
Your smoke demon hits the cyclops.
Your smoke demon hits the cyclops but does no damage. x2
Your plate armour prevents you from hitting the cyclops.
The cyclops is severely wounded.
The cyclops hits you!!
You die...

#⌠.⌠.# ...##......
##....# # #......
.#._..# #...... #...:#.#
##..... #....#.# #.....
#._..#.#######....
#.3..#............
#C.⌠.#............
...###@####......#.....
#.................#.....
#####..(......).....#...
#########..).(.#####
#......# #......#
#......# #......#
########


You could see a cyclops and a friendly smoke demon.

Vanquished Creatures
  Pikel (D:6)
  Sigmund (D:6)
  Eustachio (D:5)
  Menkaure (D:4)
  A water moccasin (D:7)
  2 ice beasts (D:8)
  2 phantoms (D:8)
  A centaur (D:8)
  An ogre (D:5)
  A bullfrog (D:7)
  A wyvern skeleton (D:7)
  2 scorpions (D:6)
  2 centaur zombies
  A bullfrog zombie (D:6)
  2 orc priests
  2 hounds
  2 bullfrog skeletons (D:5)
  An iguana (D:5)
  An iguana (shapeshifter) (D:3)
  4 orc wizards
  7 worker ants
  A big kobold zombie (Ossuary)
  A hound zombie (D:8)
  2 hound skeletons
  7 mummies (Ossuary)
  10 adders
  A shadow imp (D:6)
  6 oozes
  An adder skeleton (D:6)
  2 adder zombies (D:5)
  8 worms
  12 dart slugs
  7 leopard geckos
  21 orcs
  7 ball pythons
  16 bats
  8 giant cockroaches
  A gnoll zombie (Ossuary)
  5 goblins
  4 hobgoblins (D:1)
  11 jackals
  9 kobolds
  A quokka (D:7)
  2 frilled lizards
  2 hobgoblin zombies (Ossuary)
  A kobold zombie (Ossuary)
  A leopard gecko skeleton (D:4)
  An orc zombie (Ossuary)
  8 rats
193 creatures vanquished.

Vanquished Creatures (collateral kills)
  A two-headed ogre (D:8)
  A black bear (D:7)
  An ogre (D:7)
  A bullfrog (D:8)
  A scorpion (D:4)
  A mummy (Ossuary)
  2 adders
  2 orcs
  2 kobold zombies (Ossuary)
12 creatures vanquished.

Vanquished Creatures (others)
  A water moccasin zombie (D:6)
  An adder (D:6)
2 creatures vanquished.

Grand Total: 207 creatures vanquished

Notes
Turn   | Place    | Note
-------+----------+-------------------------------------------
     0 | D:1      | grindst0ne the Demonspawn Chaos Knight began the quest for the Orb.
     0 | D:1      | Reached XP level 1. HP: 18/18 MP: 1/1
    56 | D:1      | Gained mutation: A weak demonic guardian rushes to your aid. [demonic ancestry]
    56 | D:1      | Reached XP level 2. HP: 15/24 MP: 2/2
   282 | D:1      | Reached skill level 4 in Fighting
   283 | D:1      | XOM: smoke on damage
   460 | D:1      | Gained mutation: You have a pair of small horns on your head. [demonic ancestry]
   460 | D:1      | Reached XP level 3. HP: 30/30 MP: 3/3
   650 | D:1      | XOM: silly message
  1155 | D:1      | XOM: divination: detect creatures
  1854 | D:2      | XOM: god gift: 9 gold pieces
  1884 | D:2      | XOM: god gift: 11 stones
  2040 | D:2      | XOM: scenery: 1 doors close
  2131 | D:3      | Gained mutation: You have large cloven feet. [demonic ancestry]
  2131 | D:3      | Reached XP level 4. HP: 28/38 MP: 4/4
  2132 | D:3      | Reached skill level 5 in Fighting
  2237 | D:3      | Found a glowing drain.
  2316 | D:3      | XOM: enchant monster (good)
  2318 | D:3      | Reached XP level 5. HP: 23/46 MP: 5/5
  2333 | D:3      | XOM: confuse monster(s)
  2360 | Sewer    | Entered a sewer
  2365 | Sewer    | Reached skill level 6 in Fighting
  2526 | Sewer    | XOM: divination: detect items
  2599 | Sewer    | XOM: god gift: pink potion {god gift}
  2810 | Sewer    | XOM: give mutations
  2810 | Sewer    | Gained mutation: You are resistant to hostile enchantments. (MR+) [Xom's grace]
  2810 | Sewer    | Gained mutation: You are resistant to electric shocks. (rElec) [Xom's grace]
  2810 | Sewer    | Gained mutation: Your muscles are strong. (Str +2) [Xom's grace]
  2810 | Sewer    | Gained mutation: You are somewhat resistant to further mutation. [Xom's grace]
  2905 | Sewer    | XOM: enchant monster (bad)
  3099 | Sewer    | XOM: give mutations
  3099 | Sewer    | Lost mutation: You are somewhat resistant to further mutation. [Xom's mischief]
  3099 | Sewer    | Lost mutation: Your muscles are strong. (Str +2) [Xom's mischief]
  3099 | Sewer    | Gained mutation: You are frail. (-10% HP) [Xom's mischief]
  3677 | D:3      | XOM: medium Pois miscast
  3806 | D:3      | XOM: give mutation
  3806 | D:3      | Gained mutation: Your spells are a little harder to cast, but a little more powerful. [Xom's mischief]
  3844 | D:3      | XOM: polymorph quokka -> gnoll
  4034 | D:4      | XOM: noise
  4043 | D:4      | Noticed Menkaure
  4049 | D:4      | Killed Menkaure
  4049 | D:4      | Reached skill level 7 in Fighting
  4049 | D:4      | Gained mutation: You have hoof-like feet. [demonic ancestry]
  4049 | D:4      | Reached XP level 6. HP: 21/49 MP: 6/6
  4053 | D:4      | Found a staircase to the Ecumenical Temple.
  4105 | D:4      | XOM: potion effect (agility)
  4176 | D:4      | XOM: divination: detect creatures
  4438 | D:4      | Gained mutation: You have sharp fingernails. [demonic ancestry]
  4438 | D:4      | Reached XP level 7. HP: 53/54 MP: 7/7
  4566 | D:4      | Reached skill level 8 in Fighting
  4647 | D:4      | You fall through a shaft for 3 floors!
  5022 | D:6      | Found a sand-covered staircase.
  5078 | Ossuary  | Entered an ossuary
  5303 | Ossuary  | XOM: blink monster(s)
  5320 | Ossuary  | XOM: blink monster(s)
  5659 | D:6      | Noticed Pikel
  5699 | D:6      | XOM: summons friendly iron imp
  5711 | D:6      | XOM: enchant monster (bad)
  5717 | D:6      | XOM: confuse monster(s)
  5719 | D:6      | Killed Pikel
  5719 | D:6      | Reached skill level 5 in Axes
  5719 | D:6      | Reached XP level 8. HP: 16/63 MP: 8/8
  6011 | D:6      | XOM: 3-stop teleportation journey
  6041 | D:6      | Reached skill level 9 in Fighting
  6264 | D:6      | XOM: give mutations
  6264 | D:6      | Lost mutation: You are frail. (-10% HP) [Xom's mischief]
  6264 | D:6      | Gained mutation: Your body sometimes deteriorates upon taking damage. [Xom's mischief]
  6264 | D:6      | Gained mutation: Your flesh is heat resistant. (rF+) [Xom's mischief]
  6380 | D:6      | XOM: give mutations
  6380 | D:6      | Gained mutation: Armour fits poorly on your strangely shaped body. [Xom's mischief]
  6380 | D:6      | Gained mutation: You occasionally shout uncontrollably at your foes. [Xom's mischief]
  6380 | D:6      | Gained mutation: You tend to lose your temper in combat. [Xom's mischief]
  6380 | D:6      | Lost mutation: You tend to lose your temper in combat. [Xom's mischief]
  6388 | D:6      | Noticed Sigmund
  6394 | D:6      | Killed Sigmund
  6594 | D:5      | Entered Level 5 of the Dungeon
  6684 | D:5      | Noticed Eustachio
  6699 | D:5      | Killed Eustachio
  6958 | D:5      | Found an ornate altar of the Wu Jian Council.
  7137 | D:5      | Gained mutation: A demonic guardian rushes to your aid. [demonic ancestry]
  7137 | D:5      | Reached XP level 9. HP: 67/77 MP: 9/9
  7159 | D:5      | XOM: give mutation
  7159 | D:5      | Gained mutation: You have a pair of horns on your head. [Xom's grace]
  7188 | D:5      | XOM: god gift: scroll labeled MOSIDUI FAUPT {god gift}
  7227 | D:5      | XOM: medium Pois miscast
  7378 | D:4      | XOM: give mutations
  7378 | D:4      | Gained mutation: You possess an exceptional clarity of mind. [Xom's grace]
  7378 | D:4      | Gained mutation: You evolve. [Xom's grace]
  7378 | D:4      | Gained mutation: Your system is resistant to poisons. (rPois) [Xom's grace]
  7650 | D:7      | XOM: butterfly on damage
  7657 | D:7      | XOM: harmless Tmut miscast
  7808 | D:7      | XOM: fake destruction
  7818 | D:7      | XOM: harmless Conj miscast
  8333 | D:7      | Found an opulent altar of Gozag.
  8403 | D:8      | Reached skill level 1 in Evocations
  8434 | D:8      | XOM: fog
  8668 | D:8      | Lost mutation: You evolve. [evolution]
  8686 | D:8      | Noticed a two-headed ogre
  8691 | D:8      | Killed a two-headed ogre
  8691 | D:8      | Reached skill level 10 in Fighting
  8879 | D:8      | XOM: scenery: 1 doors close
  8889 | D:8      | Found a shimmering altar of Xom.
  8889 | D:8      | Found an iron altar of Okawaru.
  8890 | D:8      | Noticed a cyclops
  8904 | D:8      | Slain by a cyclops

Skill      XL: |  1  2  3  4  5  6  7  8  9 |
---------------+----------------------------+-----
Fighting       | 4 5 7 8 9 10 | 10.1
Axes           | 3 5 7 8 |  8.8
Evocations     | 3 |  3.9
Armour         | |  1.7
Dodging        | |  0.8

Action                   |  1- 3 |  4- 6 |  7- 9 || total
-------------------------+-------+-------+-------++-------
Melee: Hand axe          |   114 |   188 |       ||   302
       Headbutt          |     5 |    33 |    50 ||    88
       Kick              |       |    49 |    82 ||   131
       War axe           |       |    10 |   303 ||   313
       Whip              |       |       |     7 ||     7
Evoke: Wand              |       |       |     4 ||     4
  Use: Potion            |     2 |     2 |     2 ||     6
       Scroll            |       |     1 |    12 ||    13
 Stab: Petrified         |       |     2 |       ||     2
       Confused          |       |     1 |       ||     1
       Invisible         |       |       |     3 ||     3
       Paralysed         |       |       |     1 ||     1
  Eat: Chunk             |     2 |     7 |    11 ||    20
       Ration            |       |     1 |     1 ||     2
Armor: Leather armour    |    59 |   105 |     3 ||   167
       Plate armour      |       |       |   142 ||   142
Dodge: Dodged            |    82 |   145 |    56 ||   283
Block: Other             |       |       |    64 ||    64
       Reflection        |       |       |     1 ||     1
